AoeStats
← Foami

Arabia

510250927Analyzed
1v1 RM · 2d ago on Sep 30, 2026· 40m 41s· 2 players
Game mode
Random Map
Map size
Tiny (2 player)
Population
200
Speed
Normal
Resources
Standard
Victory
Conquest
Starting age
Dark Age
Ending age
Imperial Age
RankedLock teamsTeams togetherTeam positionsShared explorationLock speedFull tech treeHidden civsTurbo modeCheats
Victory
Defeat
🇳🇿 Khmer · New Zealand
829
+18
🇨🇷 Burgundians · Costa Rica
870
-42
Foami
8:32 Feudal Age
9:28 Loom
20:48 Castle Age
18:58 Horse Collar
19:06 Double-Bit Axe
22:12 Husbandry
23:15 Gold Mining
29:56 Town Watch
32:29 Bow Saw
38:58 Imperial Age
38:06 Gold Shaft Mining
37:22 Stone Mining
38:23 Bloodlines
39:11 Cavalier
41:18 Double Crossbow
Heltrey
7:05 Double-Bit Axe
11:08 Feudal Age
11:42 Horse Collar
15:45 Loom
19:00 Arson
20:07 Heavy Plow
20:19 Bow Saw
22:28 Wheelbarrow
22:12 Forging
22:04 Scale Mail Armor
22:08 Gold Mining
26:36 Gold Shaft Mining
29:47 Castle Age
32:45 Iron Casting
33:10 Crop Rotation
36:50 Chain Mail Armor
Connection lost

Rejoining the realm…

Still unreachable

The connection could not be restored.

Session expired

The server has moved on; the page needs a fresh start.